 Dungeon Crawl Stone Soup version 0.19-a0-1903-gead39cf (webtiles) character file.

2214 Disciple the Basher (level 9, 0/70 HPs)
             Began as a Yellow Draconian Monk on Oct 20, 2016.
             Was an Elder of Okawaru.
             Killed from afar by an electric eel (10 damage)
             ... with a bolt of electricity
             ... on level 6 of the Dungeon.
             The game lasted 00:16:03 (6695 turns).

Disciple the Basher (Yellow Draconian Monk)         Turns: 6695, Time: 00:16:04

Health: 0/70       AC:  8    Str: 13    XL:     9   Next: 13%
Magic:  13/13      EV: 13    Int: 11    God:    Okawaru [****..]
Gold:   269        SH:  0    Dex: 17    Spells: 0 memorised, 8 levels left

rFire  . . .     SeeInvis .     z - +3 dire flail (protect)
rCold  . . .     Gourm    .     (armour unavailable)
rNeg   . . .     Faith    .     (shield currently unavailable)
rPois  .         Spirit   .     (helmet restricted)
rElec  .         Reflect  .     x - +0 cloak
rCorr  +         Harm     .     (no gloves)
MR     .....                    (no boots)
Stlth  +.........               (no amulet)
                                (no ring)
                                (no ring)

@: lethally poisoned (0 -> -1)
A: spit acid, acid resistance, unfitting armour, cold-blooded, AC +7
a: Spit Acid, Heroism, Renounce Religion


You were on level 6 of the Dungeon.
You worshipped Okawaru.
Okawaru was greatly pleased with you.
You were not hungry.

You visited 1 branch of the dungeon, and saw 6 of its levels.

You collected 406 gold pieces.
You spent 137 gold pieces at shops.

Inventory:

Hand Weapons
 a - a +0 mace
 d - a +0 flail
 i - a +0 quarterstaff of crushing
 z - a +3 dire flail of protection (weapon)
 C - a +2 whip of flaming
Missiles
 l - 33 poisoned needles
Armour
 k - a +0 large shield
 x - a +0 cloak (worn)
 B - a +2 robe of fire resistance
 D - a +1 robe of the Archmagi
Jewellery
 y - a +3 ring of dexterity {unknown}
Wands
 G - a wand of slowing (39/48)
Scrolls
 c - 4 scrolls of teleportation {unknown}
 e - 6 scrolls of identify
 g - 4 scrolls of remove curse
 h - a scroll of recharging {unknown}
 m - 2 scrolls of amnesia {unknown}
 p - a scroll of fear {unknown}
 r - 2 scrolls of noise {unknown}
 s - a scroll of random uselessness {unknown}
 A - a scroll of magic mapping {unknown}
 F - a scroll of enchant armour {unknown}
Potions
 n - a potion of flight {unknown}
 t - 2 potions of degeneration
 u - a potion of magic {unknown}
 v - 4 potions of curing
 w - a potion of invisibility
 E - a potion of mutation {unknown}
Books
 o - a book of Changes

   Spells                             Type                      Level
   a - Beastly Appendage              Transmutation                1
   b - Sticks to Snakes               Transmutation                2
   c - Spider Form                    Transmutation/Poison         3
   d - Ice Form                       Ice/Transmutation            4
   e - Blade Hands                    Transmutation                5
Comestibles
 b - 3 bread rations
 f - 3 fruits
 j - 6 meat rations
 q - a beef jerky


   Skills:
 - Level 3.2 Fighting
 + Level 10.8 Maces & Flails
 - Level 2.6 Dodging
 - Level 1.7 Stealth
 - Level 6.6 Invocations


You had 8 spell levels left.
You didn't know any spells.

Dungeon Overview and Level Annotations

Branches:
Dungeon (6/15)             Temple (0/1) D:4

Altars:
Dithmenos
Hepliaklqana
Makhleb
Okawaru
Trog

Shops:
D:4 *


Innate Abilities, Weirdness & Mutations

You can spit globs of acid.
You are resistant to acid.
Your golden yellow scales are hard. (AC +7)
You cannot fit into any form of body armour.
You are cold-blooded and may be slowed by cold attacks.


Message History

The electric eel shoots out a bolt of lightning at you!
The bolt of electricity hits you! The adder bites you but does no damage.
Your unstable footing causes you to fumble your attack.
The adder completely misses you.
The electric eel shoots out a bolt of lightning at you!
The bolt of electricity hits you!
* * * LOW HITPOINT WARNING * * *
Your unstable footing causes you to fumble your attack.
The adder misses you.
Your unstable footing causes you to fumble your attack.
You feel sick. The adder bites you but does no damage.
You closely miss the electric eel.
The electric eel shoots out a bolt of lightning at you!
The bolt of electricity hits you!
* * * LOW HITPOINT WARNING * * *
The adder bites you but does no damage.
You miss the electric eel. The adder barely misses you.
The electric eel shoots out a bolt of lightning at you!
The bolt of electricity hits you!
You die...

### ### ..##
####P..P..P..## #P....♣.
..P... ♣...≈≈♣♣≈..♣".
#P..≈;@≈♣≈....
#...≈≈S≈≈≈≈...
########♣P..≈♣≈≈≈.P.
######.....^..P..≈≈≈♣♣...
..................P♣..###
.##...#########.#........
....#.....# #.#........
.##...###.#####.#.....###
##.## #.##..........#


You could see an electric eel and an adder.

Vanquished Creatures
  Pikel (D:5)
  The ghost of Gypsu the Shooter, a novice DsAM of Okawaru (D:3)
  Edmund (D:5)
  A phantom (D:5)
  2 ice beasts
  A slave (D:5)
  2 ogres
  A centaur (D:5)
  2 bullfrogs (D:6)
  Blork the orc (D:4)
  A howler monkey (D:4)
  3 crimson imps
  A jelly (D:5)
  A bullfrog skeleton (D:3)
  A hound (D:4)
  Jessica (D:3)
  2 iguanas (D:5)
  2 worker ants
  A hound zombie (D:6)
  5 gnolls
  10 adders
  3 oozes
  2 adder skeletons (D:4)
  An adder zombie (D:5)
  5 worms
  4 dart slugs
  3 leopard geckos
  8 orcs
  A ball python (D:1)
  8 giant cockroaches
  10 goblins
  4 hobgoblins
  4 jackals (D:3)
  2 quokkas
  10 bats
  6 frilled lizards
  A jackal skeleton (D:4)
  9 kobolds
  A leopard gecko skeleton (D:6)
  5 rats
128 creatures vanquished.

Notes
Turn   | Place    | Note
-------+----------+-------------------------------------------
     0 | D:1      | Disciple the Draconian Monk began the quest for the Orb.
     0 | D:1      | Reached XP level 1. HP: 19/19 MP: 1/1
   242 | D:1      | Reached XP level 2. HP: 26/26 MP: 2/2
   727 | D:2      | Reached skill level 4 in Maces & Flails
   789 | D:2      | Reached XP level 3. HP: 18/31 MP: 3/3
   925 | D:2      | Found a hazy altar of Hepliaklqana.
  1268 | D:2      | Reached XP level 4. HP: 8/38 MP: 4/4
  1537 | D:2      | Reached skill level 5 in Maces & Flails
  2359 | D:2      | Reached XP level 5. HP: 43/45 MP: 5/5
  2544 | D:2      | Found a burning altar of Makhleb.
  2544 | D:2      | Found an iron altar of Okawaru.
  2554 | D:2      | Became a worshipper of Warmaster Okawaru
  2554 | D:2      | Reached * piety under Okawaru
  2554 | D:2      | Reached ** piety under Okawaru
  2685 | D:2      | Reached skill level 6 in Maces & Flails
  2783 | D:3      | Noticed Jessica
  2789 | D:3      | Killed Jessica
  2842 | D:3      | Found a bloodstained altar of Trog.
  2862 | D:3      | Noticed Gypsu's ghost (novice DsAM)
  3115 | D:3      | Killed Gypsu's ghost
  3115 | D:3      | Reached *** piety under Okawaru
  3115 | D:3      | Reached skill level 8 in Maces & Flails
  3115 | D:3      | Reached XP level 6. HP: 9/51 MP: 6/6
  3130 | D:2      | Your scales start taking on a golden yellow colour.
  3130 | D:2      | Reached XP level 7. HP: 12/57 MP: 7/7
  4348 | D:4      | Found a shadowy altar of Dithmenos.
  4485 | D:4      | Found Zaamubil's General Store.
  4485 | D:4      | Noticed Blork the orc
  4491 | D:4      | Killed Blork the orc
  4497 | D:4      | Bought a scroll of remove curse for 33 gold pieces
  4497 | D:4      | Bought a scroll of remove curse for 33 gold pieces
  4497 | D:4      | Bought a scroll of identify for 22 gold pieces
  4497 | D:4      | Bought a +0 cloak for 49 gold pieces
  4586 | D:4      | You fall through a shaft for 2 floors!
  4786 | D:5      | Entered Level 5 of the Dungeon
  4811 | D:4      | Found a staircase to the Ecumenical Temple.
  5348 | D:5      | Reached XP level 8. HP: 61/63 MP: 11/11
  5403 | D:5      | Reached skill level 5 in Invocations
  5630 | D:5      | Noticed Edmund
  5653 | D:5      | Killed Edmund
  6047 | D:5      | Reached skill level 9 in Maces & Flails
  6218 | D:5      | Noticed Pikel
  6229 | D:5      | Killed Pikel
  6229 | D:5      | Reached **** piety under Okawaru
  6229 | D:5      | Reached skill level 10 in Maces & Flails
  6229 | D:5      | Reached XP level 9. HP: 53/70 MP: 13/13
  6695 | D:6      | Killed from afar by an electric eel

Vault maps used:
D:1:      dpeg_arrival_connections
D:2:      wad_river_or_something, lemuel_crystal_altar,
          gammafunk_temple_overflow_pools, first_bread, grunt_decor_resistance,
          minmay_misc_feat_doors
D:3:      nicolae_overflow_crystal_walls, uniq_jessica
D:4:      kennysheep_spiral_hall, nicolae_dithmenos_shadow_blocks, serial_shops,
          nicolae_shop_crystal, uniq_blork_the_orc
D:5:      uniq_edmund, uniq_pikel
D:6:      nicolae_qazlal_eye_of_the_storm, serial_bayou, serial_bayou_crossing,
          serial_bayou_shore_b, serial_bayou_shore_a, serial_bayou_pond_a,
          serial_bayou_shore_b, serial_bayou_lagoon_a, kennysheep_generic_room_6

Skill      XL: |  1  2  3  4  5  6  7  8 |
---------------+-------------------------+-----
Maces & Flails | 4 5 8 10 | 10.8
Invocations    | 4 6 |  6.6
Fighting       | |  3.2
Dodging        | |  2.6
Stealth        | |  1.7

Action                   |  1- 3 |  4- 6 |  7- 9 || total
-------------------------+-------+-------+-------++-------
Melee: Mace              |   129 |    24 |       ||   153
       Tailslap          |    12 |    16 |    37 ||    65
       Quarterstaff      |       |   121 |   164 ||   285
       Dire flail        |       |       |    81 ||    81
Invok: Heroism           |       |       |     3 ||     3
  Use: Potion            |     3 |       |     2 ||     5
 Stab: Sleeping          |     3 |     7 |     5 ||    15
       Invisible         |     2 |       |       ||     2
       Distracted        |       |     1 |       ||     1
  Eat: Chunk             |     2 |     5 |    11 ||    18
       Fruit             |       |       |     1 ||     1
Armor: Skin              |    43 |    44 |    62 ||   149
Dodge: Dodged            |   122 |   154 |   177 ||   453
